Cogmind - Beta 13 @@@ ROGUE MODE // 2024.04.04 @ 04:02:45 Player: Aavak Result: Self-destructed Performance ------------- Evolutions (1) 500 Regions Visited (2) 400 Robots Destroyed (31) 155 Value Destroyed (477) 477 Prototype IDs (3) 60 Alien Tech Used (0) 0 Bonus (0) 0 TOTAL SCORE: 1592 Bonus ------- None Cogmind --------- Core Integrity 295/400 Matter 196/300 Energy 100/100 System Corruption 0% Temperature Cool (6) Movement Treading (320) Ox2 Location -9/Materials Parts ------- > --- POWER (1) -------- (None) > --- PROPULSION (3) --- Light Treads > --- UTILITY (3) ------ High-capacity Storage Unit Structural Scanner Signal Interpreter > --- WEAPON (2) ------- (None) > --- INVENTORY (20) --- Ion Engine Light Ion Engine Flight Unit Flight Unit Flight Unit Heat Sink High-capacity Matter Pod (0) Visual Processing Unit Sensor Array Improved Terrain Scanner Seismic Detector Salvage Targeting Computer ECM Suite ECM Suite Hardened Light Armor Plating Assault Rifle Improved Light Cannon Grenade Launcher Datajack Peak State ------------ > --- POWER ------------ Ion Engine > --- PROPULSION ------- Light Treads Light Treads Light Treads > --- UTILITY ---------- High-capacity Storage Unit Signal Interpreter Hardened Light Armor Plating > --- WEAPON ----------- Improved Light Cannon Mining Claw > --- INVENTORY -------- Ion Engine Light Ion Engine Flight Unit Flight Unit Flight Unit Heat Sink High-capacity Matter Pod Structural Scanner Visual Processing Unit Sensor Array Improved Terrain Scanner Seismic Detector Salvage Targeting Computer ECM Suite ECM Suite Assault Rifle Improved Light Cannon Grenade Launcher Datajack [Rating: 13] Favorites ----------- Power Ion Engine Engine Ion Engine Propulsion Light Treads Treads Light Treads Utility High-capacity Storage Unit Device Seismic Detector Storage High-capacity Storage Unit Processor Signal Interpreter Protection Hardened Light Armor Plating Weapon Improved Light Cannon Ballistic Gun Light Assault Rifle Ballistic Cannon Improved Light Cannon Launcher Grenade Launcher Slashing Weapon Mining Claw Build | -11 -10 -9 ------- Run | Yrd Mat Mat Slots Evolved 2 | . . 2 Power . | . . . Propulsion 1 | . . 1 Utility 1 | . . 1 Weapon . | . . . Parts Attached 26 | 8 13 5 Power 2 | 1 1 . Engine 2 | 1 1 . Core . | . . . Reactor . | . . . Propulsion 3 | 2 . 1 Treads 3 | 2 . 1 Leg . | . . . Wheel . | . . . Hover . | . . . Flight . | . . . Utility 11 | 3 4 4 Device 7 | 2 2 3 Storage 2 | 1 1 . Processor 1 | . 1 . Hackware . | . . . Protection 1 | . . 1 Artifact . | . . . Weapon 10 | 2 8 . Energy Gun . | . . . Energy Cannon . | . . . Ballistic Gun 3 | 2 1 . Ballistic Cannon 4 | . 4 . Launcher 2 | . 2 . Special Weapon . | . . . Impact Weapon . | . . . Slashing Weapon 1 | . 1 . Piercing Weapon . | . . . Special Melee Weapon . | . . . Unidentified Prototypes . | . . . Parts Lost 5 | . . 5 Power 1 | . . 1 Propulsion 2 | . . 2 Utility . | . . . Weapon 2 | . . 2 Highest Loss Streak 3 | . . 3 To Critical Strikes . | . . . Average Slot Usage (%) 98 | . 99 87 Engine 13 | . 14 9 Treads 27 | . 28 23 Device 9 | . 9 9 Storage 12 | . 12 11 Processor 6 | . 5 11 Ballistic Gun 9 | . 10 . Ballistic Cannon 8 | . 8 11 Slashing Weapon 8 | . 7 11 Naked Turns . | . . . Heaviest Build 56 | 14 54 56 Greatest Support 60 | 40 40 60 Greatest Overweight (x) 2 | . 1 2 Average Overweight (x) . | . . . Largest Inventory Capacity 20 | 8 20 20 Average Capacity 17 | 7 18 20 Most Carried 20 | 3 20 20 Average Carried 13 | 1 14 18 Final Capacity 20 | 5 20 20 Final Carried 19 | 3 19 19 Class Distribution -------------------- 100% | Mutant Dominant Class ---------------- Mutant | -10/Materials Mutant | -9/Materials Resources | -11 -10 -9 ----------- Run | Yrd Mat Mat Matter Collected 755 | 332 371 52 Remotely . | . . . Salvage Created 514 | 108 337 69 Parts 53 | 11 35 7 Haulers Intercepted . | . . . Recyclers Shooed 1 | . 1 . Parts Field Recycled . | . . . Retrieved Matter . | . . . Parts Self-Destructed . | . . . Prevented . | . . . Kills | -11 -10 -9 ------- Run | Yrd Mat Mat Combat Hostiles Destroyed 15 | . 11 4 Melee 1 | . . 1 Guns 6 | . 6 . Cannons 3 | . . 3 AOE 5 | . 5 . Classes Destroyed 8 | 1 6 1 Worker 2 | . 2 . Builder 2 | . 2 . Tunneler 5 | 5 . . Operator 3 | . 3 . Watcher 4 | . 3 1 Swarmer 9 | . 6 3 Grunt 5 | . 5 . Sentry 1 | . . 1 Best Kill Streak 6 | 2 6 4 Combat Bots Only 5 | . 5 3 Max Kills in Single Turn 2 | 1 2 1 Gunslinging . | . . . Exploded 1 | . 1 . Melee 1 | . . 1 Uniques/NPCs Destroyed . | . . . Combat | -11 -10 -9 -------- Run | Yrd Mat Mat Hostile Shots Fired 167 | . 88 79 Missed 52 | . 37 15 Damage Taken 1071 | . 480 591 Core 203 | . 98 105 Absorbed by Shields . | . . . Regen/Repaired (Parts) 43 | . 43 . Core Remaining (%) 80 | 100 60 . Volleys Fired 94 | 13 64 17 Largest 2 | 2 2 1 Hottest 40 | 40 40 39 Shots Fired 137 | 26 94 17 Gun 86 | 26 60 . Cannon 43 | . 26 17 Launcher 8 | . 8 . Special . | . . . Kinetic 129 | 26 86 17 Thermal . | . . . Explosive 8 | . 8 . Electromagnetic . | . . . Robot Hit Streak 10 | 7 10 5 Robot Miss Streak 4 | 2 4 4 Penetration Max . | . . . Secondary Targets . | . . . Shots Hit Robots 83 | 13 53 17 Core Hits 37 | 6 26 5 Critical Kills 1 | 1 . . Critical Parts Destroyed . | . . . Critical Strikes 2 | 1 1 . Destroy 1 | 1 . . Blast 1 | . 1 . Melee Attacks 30 | . 18 12 Impact . | . . . Slashing 30 | . 18 12 Piercing . | . . . Sneak Attacks 1 | . 1 . Combat Hostiles . | . . . Follow-up Attacks . | . . . Damage Inflicted 1621 | 149 1097 375 Guns 499 | 149 350 . Cannons 617 | . 385 232 Explosions 309 | . 309 . Melee 191 | . 48 143 Ramming 5 | . 5 . Kinetic 1116 | 149 735 232 Thermal . | . . . Explosive 309 | . 309 . Electromagnetic . | . . . Impact . | . . . Slashing 191 | . 48 143 Piercing . | . . . Highest Corruption . | . . . Average Corruption . | . . . Corruption Purged . | . . . Corruption Blocked . | . . . Overload Shots . | . . . Overflow Damage 66 | . 62 4 Projectiles 16 | . 16 . Explosions 28 | . 28 . Melee 22 | . 18 4 Knockbacks 6 | . 2 4 Impact . | . . . Kinetic 6 | . 2 4 Secondary . | . . . Self-Inflicted Damage . | . . . Shots . | . . . Rammed 2 | . 2 . Targets Rammed 2 | . 2 . Kicked . | . . . Crushed . | . . . Highest Temperature 12 | . 12 . Average Temperature 7 | . 7 . Received Heat Transfer 192 | . 114 78 Siege Activations . | . . . Robots Corrupted . | . . . Combat Hostiles . | . . . Parts Fried . | . . . Impact Corruptions . | . . . Robots Melted . | . . . Combat Hostiles . | . . . Parts Melted . | . . . Heat Transferred . | . . . Parts Sabotaged . | . . . Parts Stolen . | . . . Parts Stripped . | . . . Power Chain Reactions . | . . . Alert | -11 -10 -9 ------- Run | Yrd Mat Mat Peak Influence 192 | 25 192 125 Initial 16 | . 16 5 Average 70 | 13 78 43 Maximum Alert Level . | . . . Low Security (%) 100 | 100 100 100 Level 1 . | . . . Level 2 . | . . . Level 3 . | . . . Level 4 . | . . . Level 5 . | . . . High Security . | . . . Max Security . | . . . Squads Dispatched 2 | . 2 . Investigation . | . . . Extermination . | . . . Reinforcement 2 | . 2 . Assault . | . . . Garrison . | . . . Intercept . | . . . Searches Triggered . | . . . Construction Impeded . | . . . Haulers Reinforced . | . . . Active Scanning Responses . | . . . Cargo Convoy Interrupts . | . . . Stealth | -11 -10 -9 --------- Run | Yrd Mat Mat Distress Signals 3 | . 2 1 Communications Jammed . | . . . Distress Signals . | . . . Times Spotted 36 | . 28 8 Peak Tracking Total 4 | . 4 4 Tactical Retreats 1 | . 1 . Traps | -11 -10 -9 ------- Run | Yrd Mat Mat Traps Triggered . | . . . Indirectly . | . . . Trap Hack Attempts . | . . . Triggered . | . . . Disarmed . | . . . Reprogrammed . | . . . Reused . | . . . Traps Extracted . | . . . Installed . | . . . Triggered . | . . . Machines | -11 -10 -9 ---------- Run | Yrd Mat Mat Machines Disabled . | . . . Max in Single Turn . | . . . Machines Repaired . | . . . Machines Dismantled . | . . . Machines Sabotaged . | . . . Overloaded Fab Kills . | . . . Hacking | -11 -10 -9 --------- Run | Yrd Mat Mat Machines Accessed 8 | . 7 1 Terminals 6 | . 5 1 Fabricators . | . . . Repair Stations 1 | . 1 . Recycling Units 1 | . 1 . Scanalyzers . | . . . Garrison Access . | . . . Total Hacks 27 | . 25 2 Successful 16 | . 15 1 Failed 11 | . 10 1 Catastrophic 1 | . . 1 Database Lockouts . | . . . Manual . | . . . Terminals 21 | . 19 2 Fabricators . | . . . Repair Stations 3 | . 3 . Recycling Units 3 | . 3 . Scanalyzers . | . . . Garrison Access . | . . . Terminal Hacks 12 | . 11 1 Record 2 | . 1 1 Prototype ID Bank 3 | . 3 . Emergency Access Points 1 | . 1 . Alert Level 2 | . 2 . Unreport Threat 1 | . 1 . Reinforcement Status 1 | . 1 . Zone Layout 2 | . 2 . Fabricator Hacks . | . . . Repair Station Hacks 2 | . 2 . Scan Component 1 | . 1 . Repair 1 | . 1 . Recycling Unit Hacks 2 | . 2 . Process 1 | . 1 . Report Inventory 1 | . 1 . Scanalyzer . | . . . Garrison Access Hacks . | . . . Unauthorized Hacks . | . . . Terminals . | . . . Fabricators . | . . . Repair Stations . | . . . Recycling Units . | . . . Scanalyzers . | . . . Garrison Access . | . . . Data Cores Recovered 1 | . 1 . Used 1 | . 1 . Hacking Detections 8 | . 7 1 Full Trace Events 1 | . 1 . Feedback Events . | . . . Feedback Blocked . | . . . Robot Schematics Acquired . | . . . Robots Built . | . . . Authchips . | . . . Time . | . . . Total Robot Build Rating . | . . . Part Schematics Acquired . | . . . Parts Built . | . . . Authchips . | . . . Time . | . . . Total Part Build Rating . | . . . Parts Repaired 1 | . 1 . Time 26 | . 26 . Parts Recycled . | . . . Recycled Matter 248 | . 248 . Retrieved Matter . | . . . Retrieved Components . | . . . Parts Scanalyzed . | . . . Part Schematics Acquired . | . . . Parts Damaged . | . . . Bothacking | -11 -10 -9 ------------ Run | Yrd Mat Mat Used RIF Installer . | . . . Robots Hacked . | . . . Non-combat . | . . . Combat . | . . . Robot Hacks Applied . | . . . Relay Couplers Released . | . . . Fabnet Peak Effective % . | . . . Robots Rewired . | . . . Allies Hacked . | . . . Hacks Repelled . | . . . Allies | -11 -10 -9 -------- Run | Yrd Mat Mat Total Allies . | . . . Largest Group . | . . . Highest-Rated Group . | . . . Highest-Rated Ally . | . . . Total Orders . | . . . Ally Attacks . | . . . Total Damage . | . . . Kills . | . . . Allies Corrupted . | . . . Allies Melted . | . . . Intel | -11 -10 -9 ------- Run | Yrd Mat Mat Robot Analysis Total . | . . . Derelict Logs Recovered . | . . . Drone Launches . | . . . Drone Recoveries . | . . . Exploration | -11 -10 -9 ------------- Run | Yrd Mat Mat Turns Passed 3216 | 205 2686 325 Spaces Moved 1266 | 97 1052 117 Core 5 | 5 . . Treads 1261 | 92 1052 117 Legs . | . . . Wheels . | . . . Hover . | . . . Flight . | . . . Fastest Speed 50 | 50 160 160 Average Speed 221 | 154 228 210 Slowest Speed 320 | 160 240 320 Overloaded Moves . | . . . Propulsion Burnouts . | . . . Robots Hopped . | . . . Cave-ins Triggered . | . . . Exploration Rate (%) 38 | 4 98 14 Regions Visited 2 Branch Regions . Pre-discovered Areas . | . . . Known Exits Taken 1 | . 1 . Unknown Exits Taken 1 | 1 . . Scrap Searched . | . . . Spaces Dug 9 | . 8 1 Terrain Destroyed 55 | . 53 2 Melee 9 | . 8 1 Projectile 3 | . 2 1 AOE 43 | . 43 . Terrain Rammed . | . . . Walls Destroyed . | . . . Machines Disabled . | . . . Actions | -11 -10 -9 --------- Run | Yrd Mat Mat Total 1488 | 129 1206 153 Wait 35 | 2 33 . Move 1264 | 96 1051 117 Hop . | . . . Pick Up 33 | 10 21 2 Fast Attach . | . . . Attach 10 | 7 1 2 Detach . | . . . Swap 16 | 1 12 3 Drop 4 | . 4 . Fire 94 | 13 64 17 Melee 30 | . 18 12 Ram . | . . . Kick . | . . . Crush 2 | . 2 . Escape Stasis . | . . . Rewire . | . . . Trap . | . . . Miscellaneous . | . . . Route ------- -11/Scrapyard -10/Materials (discovered 4 exits: *Mat x3 / [*Min]) -9/Materials History --------- Turn | Location | Event 6 | -11/Scrapyard | Discovered new exit (range 13) 206 | -11/Scrapyard | Entered Materials 309 | -10/Materials | Build established: Mutant 503 | -10/Materials | Discovered new exit (range 16) 721 | -10/Materials | Repaired Assault Rifle 1666 | -10/Materials | Discovered new exit (range 10) 1759 | -10/Materials | Identified exit to Materials 1852 | -10/Materials | Discovered exit to Materials (range 15) 2392 | -10/Materials | Discovered exit to Materials (range 13) 2892 | -10/Materials | Entered another Materials area 2892 | -9/Materials | Evolved 2 slots: Propulsion x1, Utility x1 3195 | -9/Materials | Lost 3 parts (1p2n) 3217 | -9/Materials | Self-destructed Last Messages --------------- Lgt. Treads destroyed. Ion Engine destroyed. S-10 Pest knocked back. S-10 Pest destroyed. S-10 Pest knocked back. S-10 Pest destroyed. S-10 Pest knocked back. S-10 Pest destroyed. Acquired 1 matter. W-16 Scout sends out distress signal. K-01 Serf collects debris. R-06 Scavenger collects Lgt. Ion Engine. W-16 Scout destroyed. R-06 Scavenger collects Sensor Array. K-01 Serf collects debris. R-06 Scavenger collects Lgt. Ion Engine. K-01 Serf collects debris. Mining Claw destroyed. Imp. Light Cannon destroyed. K-01 Serf collects debris. Map ----- +----------------------------------------------------+ | ??????????????????????????????????????????? | | ??????????????????????????????????????????? | | ??????????????????????????????????????????? | | ??????????????????????????????????????????? | | ??????????????????????????????????????????? | | ??????????????????????????????????????????? | | ??????????????????????????????????????????? | | ??????????????????????????????????????????? | | ??????????????????????????????????????????? | | ??????????????????????????????????????????? | | ??????????????????????????????????????????? | | ???????????????????# ???????????????????? | | ???????????????????####???????????????????? | | ??????????????????? ???????????????????? | | ????????????????????? ???????????????????? | | ?????????????????? ???????????? | | ???????????????? ###;########???????????? | | ????????????????#### ##???????????? | | ???????????????? + ##???????????? | | ??????????????????## ##???????????? | | ??????????????????## gk % ##???????????? | | ??????????????????## g ##???????????? | | ????????????????#### ##???????????? | | ????????????????#### %% ##???????????? | | ?????????? + % b ##???????????? | | ????????????????#########@#####???????????? | | ????????????????######### #####???????????? | | ???????????????????????##%;##?????????????? | | ???????????????????????## ###?????????????? | | ?????????????????????? ##%##########??????? | | ?????????????????????? ##%##########??????? | | ?????????????????????? # # ##??????? | | ?????????????????????? # # ##??????? | | ?????????????????????? + + """" ##??????? | | ?????????????????????? # # """" ##??????? | | ??????????????????????## # """" ##??????? | | ?????????????????????? # r # ##??????? | | ?????????????????????? # ####+####??????? | | ?????????????????????? # # ###??????? | | ?????????????????????? # # ##???????? | | ?????????????????????? # # ##???????? | | ?????????????????????? # # ##???????? | | ?????????????????????? # # """##???????? | | ?????????????????????? + # """##???????? | | ?????????????????????? # # """##???????? | | ?????????????????????### # """##???????? | | ???????????????????? # """##???????? | | ???????????????????? + ########## | | ?????????????????????? # ########## | | ??????????????????????## # " # | +----------------------------------------------------+ Best States ------------- Heat Dissipation 28 Energy Generation 10 Energy Capacity 250 Matter Stores 300 Matter Capacity 300 Sight Range 16 Terrain Scan Range 16 Terrain Scan Density 10 Armor Coverage 150 Evasion (%) 40 Recoil Reduction 3 Item Schematics ----------------- None Robot Schematics ------------------ None Fabricated ------------ Nothing Alien Tech Used ----------------- None Achievements -------------- Dynamic Key Challenges ------------ None Game ------ Seed ActuatorRegenerativeStripper Manual? 0 Play Time 00:32:43 Cumulative 3.3 hours Start 2024.04.04 @ 03:24:55 End 2024.04.04 @ 04:02:45 Sessions 1 Manual Loads 0 Difficulty Rogue Special Mode None Game No. 5 Rogue 5 Adventurer 0 Explorer 0 Win Type - Total 0 Types 0/0/0/0/0/0/0/0/0 Lore% 4 Gallery% 6 Achievement% 8 Wizard Run 0 Options --------- Layout 1 ASCII 0 Keyboard 0 Movement Mouse Keybinds 0 Fullscreen 1 Font 24/Smallcaps Map View 50x35 Zoom Use 0% Tactical HUD 0 Map Filters NONE Filters NONE Steam 1 RUN: a3733c1b-57e2-4402-af5a-966434892489